Map: Submarine LE

Players

LiquidMaNa (MaNa)

  • Race: Protoss Protoss
  • League: Grandmaster
  • Spawn Location: 11:00

LiquidClem (Clem) - Winner!

  • Race: Terran Terran
  • League: Master
  • Spawn Location: 5:00

Event: DreamHack SC2 Masters 2020 Summer Europe

VOD

Have the link to the VOD?

Description

Time

  • Played on: July 7, 2020, 10:26 a.m.
  • Length: 8:39

All games in this series

Show
View Real Time Build Order
Export as new Build Order

LiquidMaNa Protoss 

Build Orders: 1 Gate Expand, Colossus Rush 

Get SALT Encoding   

  12  0:00  Probe  
  13  0:13  Probe  
  14  0:17  Pylon  
  14  0:24  Probe  
  15  0:32  Probe  
  15  0:38  Gateway  
  15  0:40  Probe  
  16  0:47  Assimilator  
  17  0:51  Probe  
  18  1:03  Probe  
  19  1:15  Probe  
  20  1:25  Cybernetics Core  
  20  1:33  Nexus  
  20  1:40  Pylon  
  20  1:42  Probe  
  21  1:47  Assimilator  
  21  1:54  Adept, Probe  
  22  2:03  Shield Battery  
  22  2:06  Probe  
  25  2:10  Warp Gate  
  25  2:14  Adept  
  25  2:19  Probe  
  27  2:31  Probe  
  28  2:37  Robotics Facility  
  28  2:44  Adept  
  28  2:45  Probe  
  28  2:48  Probe  
  32  2:57  Probe  
  33  3:00  Probe  
  33  3:05  Gateway  
  34  3:09  Probe  
  35  3:12  Probe  
  35  3:13  Stalker  
  36  3:21  Probe  
  36  3:25  Probe  
  36  3:26  Observer  
  41  3:33  Probe  
  42  3:37  Probe  
  42  3:45  Probe  
  41  3:48  Warp Prism  
  41  3:49  Probe  
  42  3:57  Probe  
  42  4:01  Probe  
  39  4:04  Stalker  
  39  4:06  Probe  
  39  4:09  Probe  
  40  4:10  Robotics Bay  
  40  4:14  Probe  
  41  4:17  Stalker, Probe  
  41  4:23  Pylon  
  45  4:26  Probe  
  45  4:30  Pylon  
  46  4:31  Immortal  
  46  4:34  Shield Battery  
  50  4:48  Stalker  
  52  4:59  Stalker  
  52  5:02  Colossus  
  52  5:07  Probe  
  52  5:08  Probe  
  52  5:12  Zealot  
  62  5:18  Pylon  
  62  5:22  Gravitic Drive  
  62  5:24  Assimilator  
  62  5:30  Pylon  
  62  5:36  Probe x2  
  62  5:39  Assimilator  
  62  5:40  Twilight Council  
  64  5:45  Observer  
  64  5:48  Probe x2  
  66  5:59  Immortal  
  66  6:00  Probe x2  
  72  6:08  Forge  
  72  6:12  Charge, Probe x2  
  72  6:13  Pylon  
  72  6:17  Pylon  
  73  6:25  Probe x2  
  75  6:33  Gateway  
  75  6:34  Gateway  
  75  6:39  Observer  
  76  6:41  Nexus  
  76  6:44  Probe  
  77  6:48  Probe  
  77  6:52  Zealot x2  
  82  6:56  Probe  
  82  7:01  Probe  
  82  7:08  Probe  
  81  7:11  Templar Archives  
  81  7:13  Probe  
  81  7:14  Zealot  
  81  7:15  Zealot  
  86  7:20  Probe  
  87  7:25  Probe  
  87  7:28  Sentry  
  87  7:29  Sentry  
  92  7:33  Probe  
  92  7:35  Pylon  
  93  7:37  Probe  
  93  7:39  Pylon  
  93  7:53  Zealot x4  
  101  8:02  Probe  
  106  8:08  Pylon  
  83  8:20  Zealot x4  
  69  8:35  Gateway  
Show
View Real Time Build Order
Export as new Build Order

LiquidClem Terran - Winner!

Build Orders: Reaper Expand 

Get SALT Encoding   

  12  0:00  SCV  
  13  0:12  SCV  
  14  0:17  Supply Depot  
  14  0:24  SCV  
  15  0:38  SCV  
  15  0:40  Barracks  
  16  0:43  Refinery  
  16  0:50  SCV  
  17  1:03  SCV  
  18  1:15  SCV  
  19  1:28  Orbital Command, Reaper  
  20  1:41  Command Center  
  20  1:52  Supply Depot  
  20  1:53  SCV  
  21  2:00  Marine  
  22  2:06  Factory  
  22  2:13  Bunker  
  22  2:16  SCV  
  22  2:19  Marine  
  24  2:23  Refinery  
  24  2:28  SCV  
  25  2:39  Barracks Reactor  
  25  2:40  SCV  
  26  2:51  Hellion  
  28  2:52  SCV  
  28  2:54  Orbital Command  
  28  2:57  Starport  
  29  3:04  SCV  
  30  3:15  Marine x2  
  30  3:17  SCV, Factory Tech Lab  
  30  3:19  SCV  
  34  3:22  Supply Depot  
  34  3:29  SCV  
  34  3:31  SCV  
  34  3:33  Marine x2  
  38  3:35  Viking  
  40  3:44  SCV  
  40  3:45  SCV  
  38  3:50  Marine  
  38  3:51  Marine  
  36  3:57  Cyclone  
  36  4:00  SCV  
  39  4:02  SCV  
  39  4:07  Medivac  
  39  4:08  Marine  
  39  4:09  Marine  
  43  4:12  SCV  
  43  4:16  Supply Depot  
  44  4:17  SCV  
  45  4:24  SCV  
  45  4:26  Marine  
  45  4:27  Marine  
  45  4:29  SCV  
  49  4:33  Siege Tank  
  49  4:37  SCV  
  49  4:38  Supply Depot  
  53  4:40  Starport Tech Lab  
  53  4:43  Barracks  
  53  4:49  SCV, Barracks  
  54  4:53  Marine x2  
  54  4:57  SCV  
  54  4:59  Raven  
  56  5:02  SCV  
  57  5:09  SCV  
  57  5:11  Marine  
  57  5:14  Marine, SCV  
  60  5:15  Engineering Bay  
  60  5:21  Refinery, SCV  
  62  5:23  Siege Tank  
  65  5:28  SCV  
  65  5:29  Supply Depot, Marine  
  65  5:33  SCV  
  68  5:36  Barracks Tech Lab  
  68  5:38  Marine  
  68  5:40  SCV  
  68  5:42  Supply Depot  
  70  5:50  Marine, SCV  
  70  5:51  Marine  
  70  5:52  Stimpack  
  70  5:55  Supply Depot  
  70  5:56  Marine  
  74  5:57  Marine  
  74  5:59  SCV  
  76  6:05  Supply Depot  
  76  6:06  Siege Tank  
  76  6:09  SCV  
  76  6:10  Supply Depot  
  80  6:13  Refinery, Marine x2  
  80  6:17  Marauder  
  84  6:21  Marine  
  84  6:23  Combat Shield  
  84  6:25  SCV  
  86  6:26  SCV  
  86  6:30  Supply Depot, Starport Reactor  
  87  6:33  Marine  
  87  6:34  Marauder  
  87  6:38  SCV  
  87  6:39  Marauder  
  93  6:43  SCV  
  93  6:45  Marine  
  90  6:50  Marine, SCV  
  90  6:53  Siege Tank  
  94  6:57  Marauder  
  96  7:04  Marine  
  96  7:05  Marauder  
  99  7:18  Marauder  
  99  7:20  Supply Depot  
  99  7:21  SCV x2  
  102  7:22  Marine  
  102  7:26  Siege Tank  
  102  7:28  Marine  
  102  7:29  Marauder, Supply Depot  
  109  7:40  Marauder  
  109  7:42  Command Center  
  110  7:44  Marine  
  110  7:48  Supply Depot  
  110  7:50  Marauder  
  113  7:55  Marine, SCV  
  115  8:00  Supply Depot, SCV  
  115  8:01  Marauder  
  115  8:05  Medivac  
  118  8:06  Medivac  
  118  8:08  SCV  
  118  8:15  Marine x2  
  118  8:17  Marauder  
Tags
 
Add a new tag
Caveats
  • Supply blocks, unpowered buildings, or Contaminate may cause inaccurate times.
  • Supply counts are checked every 10 seconds.